 Dungeon Crawl Stone Soup version 0.32-a0-473-gd044c6f0f0 (webtiles) character file.

Game seed: 13315781511174449941

193020 ragingrage the Metamorph (level 18, -1/193 HPs)
             Began as a Merfolk Artificer on Feb 26, 2024.
             Was a Believer of Uskayaw.
             Incinerated by a sun moth (24 damage)
             ... with a flurry of pyrophoric scales
             ... on level 3 of the Spider Nest.
             The game lasted 00:49:44 (35123 turns).

ragingrage the Metamorph (Merfolk Artificer)       Turns: 35123, Time: 00:49:45

Health: -1/193     AC: 35    Str: 18    XL:     18   Next: 25%
Magic:  6/12       EV: 26    Int: 15    God:    Uskayaw [**....]
Gold:   1352       SH: 11    Dex: 20    Spells: 8/21 levels left

rFire   . . .        b - +3 demon blade (antimagic)
rCold   . . .        Q - +0 buckler
rNeg    + . .        F - melded +0 acid dragon scales
rPois   ∞            t - +2 helmet of the Harvest {rElec MP+9}
rElec   +            h - +2 cloak {rCorr}
rCorr   +            A - melded +2 pair of gloves
SInv    .            K - melded +2 pair of boots {rampage}
Will    ++...        N - amulet of reflection
Stlth   ++           C - ring of Ysozi {rElec Will+ Int+6 Slay+5}
HPRegen 0.52/turn    P - +5 ring of evasion
MPRegen 0.13/turn

%: reflection
@: on fire, statue-form, glowing, studying 2 skills, very slow
A: slow and powerful, torment resistance 1, boosted hp, (nimble swimmer 2),
mertail, deformed body, screaming 1, strong 1
}: 1/15 runes: decaying
a: Begin Untransformation, Renounce Religion, Stomp, Line Pass


You were on level 3 of the Spider Nest.
You worshipped Uskayaw.
Uskayaw was pleased with you.
You were a living statue of rough stone.
You visited 6 branches of the dungeon, and saw 30 of its levels.

You collected 3258 gold pieces.
You spent 1906 gold pieces at shops.

Inventory:

Hand Weapons
 a - a +2 dagger of draining
 b - a +3 antimagic demon blade (weapon)
Missiles
 E - 16 javelins
 S - 5 throwing nets
 Y - 3 curare-tipped darts
Armour
 h - a +2 cloak of preservation (worn)
 t - the +2 helmet of the Harvest (worn) {rElec MP+9}
   (You found it on level 2 of the Dungeon)

   rElec:     It insulates you from electricity.
   MP+9:      It affects your magic capacity (+9).
 A - a +2 pair of gloves (melded)
 F - +0 acid dragon scales (melded)
 K - a +2 pair of boots of rampaging (melded)
 Q - a +0 buckler (worn)
Jewellery
 w - a ring of protection from fire
 C - the ring of Ysozi (left fist) {rElec Will+ Int+6 Slay+5}
   (You bought it in a shop on level 11 of the Dungeon)

   [ring of intelligence]

   Int+6:     It affects your intelligence (+6).
   Slay+5:    It affects your accuracy & damage with ranged weapons and melee
   (+5).
   rElec:     It insulates you from electricity.
   Will+:     It increases your willpower.
 N - an amulet of reflection (around neck)
 P - a +5 ring of evasion (right fist)
 R - the ring "Itesab" {rC+ Int+3 SInv Stlth+}
   (You found it on level 4 of the Lair of Beasts)

   [ring of see invisible]

   Int+3:     It affects your intelligence (+3).
   rC+:       It protects you from cold.
   SInv:      It lets you see invisible.
   Stlth+:    It makes you more stealthy.
Wands
 c - a wand of mindburst (14)
 d - a wand of charming (35)
 f - a wand of acid (6)
 u - a wand of roots (23)
 v - a wand of flame (56)
 D - a wand of digging (38)
Scrolls
 g - 10 scrolls of teleportation
 l - 6 scrolls of fear
 m - 2 scrolls of poison
 n - 2 scrolls of vulnerability
 p - 4 scrolls of immolation
 s - 4 scrolls of revelation
 z - 8 scrolls of fog
 M - 3 scrolls of silence
 O - a scroll of blinking
 T - 6 scrolls of identify
 W - a scroll of torment
 X - a scroll of noise
 Z - a scroll of summoning
Potions
 i - 2 potions of ambrosia
 j - 6 potions of invisibility
 k - 4 potions of brilliance
 o - 4 potions of haste
 q - 8 potions of mutation
 r - 6 potions of attraction
 y - 8 potions of enlightenment
 B - 6 potions of curing
 H - 5 potions of lignification
 I - 2 potions of berserk rage
 J - 3 potions of might
 L - a potion of heal wounds
 U - 3 potions of magic
 V - a potion of cancellation
Miscellaneous
 e - a lightning rod (2/4)
 x - a phantom mirror
 G - a tin of tremorstones (1/2)


   Skills:
 - Level 15.0 Fighting
 - Level 10.0(12.7) Short Blades
 - Level 12.6(14.0) Long Blades
 - Level 0.6 Armour
 - Level 13.6 Dodging
 - Level 7.0 Stealth
 - Level 4.0 Shields
 - Level 2.0 Spellcasting
 - Level 4.0 Conjurations
 - Level 4.0 Air Magic
 - Level 11.0 Alchemy
 + Level 13.0 Invocations
 + Level 10.2 Evocations
 + Level 17.7 Shapeshifting


You had 8 spell levels left.
You knew the following spells:

 Your Spells              Type           Power      Damage    Failure   Level
a - Olgreb's Toxic Radia  Alch           34%        N/A       3%          4
b - Mephitic Cloud        Conj/Alch/Air  20%        N/A       6%          3
c - Blink                 Tloc           2%         N/A       38%         2
d - Ignite Poison         Fire/Alch      18%        N/A       28%         4

Your spell library contained the following spells:

 Spells                   Type           Power      Damage    Failure   Level
 Sting                    Conj/Alch      96%        1d9       1%          1
 Mercury Vapours          Alch/Air       48%        N/A       1%          2
 Magic Dart               Conj           52%        1d5       5%          1
 Searing Ray              Conj           26%        2d5       9%          2
 Foxfire                  Conj/Fire      28%        2x1d5     12%         1
 Fulminant Prism          Conj/Alch      12%        3d9       13%         4
 Momentum Strike          Conj/Tloc      14%        3d8       19%         2
 Freeze                   Ice            4%         1d3       28%         1
 Slow                     Hex            4%         N/A       28%         1
 Leda's Liquefaction      Alch/Erth      9%         N/A       28%         4
 Petrify                  Alch/Erth      18%        N/A       28%         4
 Sticky Flame             Fire/Alch      18%        2d6       28%         4
 Dazzling Flash           Conj/Hex       14%        N/A       36%         3
 Hailstorm                Conj/Ice       7%         3d5       36%         3
 Lesser Beckoning         Tloc           2%         N/A       38%         2
 Confusing Touch          Hex            1%         N/A       63%         3
 Frozen Ramparts          Ice            2%         1d1       63%         3
 Gell's Gravitas          Tloc           1%         N/A       63%         3
 Ozocubu's Armour         Ice            1%         N/A       63%         3
 Sigil of Binding         Hex            1%         N/A       63%         3
 Teleport Other           Tloc           1%         N/A       63%         3
 Vampiric Draining        Necr           1%         2d6       63%         3
 Anguish                  Hex/Necr       0%         N/A       95%         4
 Cause Fear               Hex            0%         N/A       95%         4
 Freezing Cloud           Conj/Ice/Air   4%         6-21      95%         5
 Fireball                 Conj/Fire      3%         3d4       98%         5
 Silence                  Hex/Air        3%         N/A       98%         5
 Sculpt Simulacrum        Ice/Alch       9%         N/A       99%         6
 Curse of Agony           Necr           1%         N/A       100%        5
 Metabolic Englaciation   Hex/Ice        0%         N/A       100%        5
 Plasma Beam              Fire/Air       3%         2x1d13    100%        6
 Starburst                Conj/Fire      3%         6d3       100%        6
 Enfeeble                 Hex            0%         N/A       100%        7
 Ignition                 Fire           0%         3d3       100%        8
 Dragon's Call            Summ           0%         N/A       100%        9


Dungeon Overview and Level Annotations

Branches:
Dungeon (15/15)            Temple (1/1) D:4            Lair (5/5) D:9
  Swamp (4/4) Lair:3       Spider (3/4) Lair:2        Slime (0/5) Lair:5
    Orc (2/2) D:11            Elf (0/3) Orc:2        Vaults (0/5) D:13
 Depths (0/4) D:15

Altars:
Ashenzari
Cheibriados
Dithmenos
Elyvilon
Fedhas
Gozag
Hepliaklqana
Kikubaaqudgha
Makhleb
Nemelex Xobeh
Okawaru
Qazlal
Ru
Sif Muna
Trog
Uskayaw
Vehumet
Wu Jian
Xom
Yredelemnul
Zin
The Shining One
Jiyva

Shops:
D:2 ?:   D:4 [   D:6 !   D:11 =*!   Orc:2 ::[!*

Annotations:
Lair:2 2 transporters, exclusion: ice statue, Stellion's ghost, journeyman GrEE
Spider:2 3 runed translucent doors, kd29's ghost, adept MiMo


Innate Abilities, Weirdness & Mutations

You are a living statue of rough stone.
Your actions are slow, but your melee attacks are powerful.
You are resistant to unholy torment.
Your maximum health is greatly increased.
Your equipment is partially melded.
You are immune to poison.
((You are very nimble when in or above water. (Stealth+, EV+, Speed+++)))
Your lower body shifts to a powerful aquatic tail in water.
Armour fits poorly on your strangely shaped body.
You occasionally shout uncontrollably at your foes.
Your muscles are strong. (Str +4, Int/Dex -1)


Message History

The liquid fire burns you! You block the sun moth's attack.
The culicivora bites you but does no damage.
You are too injured to fight recklessly!
You are too injured to fight recklessly!
You slash the sun moth! The liquid fire burns you!
You block the sun moth's attack. The culicivora misses you.
You shake off some of the fire as you move.
The liquid fire burns you!
* * * LOW HITPOINT WARNING * * *
The sun moth's wings beat fiercely.
The flurry of pyrophoric scales hits you.
You are even more covered in intense liquid fire!
The culicivora bites you but does no damage.
The sun moth's wings beat fiercely.
The flurry of pyrophoric scales misses you.
You cut the sun moth into ribbons!!!
You kill the sun moth!
The liquid fire burns you!
* * * LOW HITPOINT WARNING * * *
The culicivora closely misses you. The culicivora barely misses you.
Your lightning rod (2/4) has regained one charge.
You shake off some of the fire as you move.
The liquid fire burns you!
* * * LOW HITPOINT WARNING * * *
The culicivora completely misses you.
You shake off some of the fire as you move.
The liquid fire burns you!
* * * LOW HITPOINT WARNING * * *
The culicivora completely misses you.
You feel much better. The liquid fire burns you!
* * * LOW HITPOINT WARNING * * *
The culicivora looks more healthy.
You block the culicivora's attack. x2
The culicivora completely misses you.
You shake off some of the fire as you move.
The liquid fire burns you!
You die...
Your body falls in perfect tune with the rhythm.

####............#^#.....#.....#..
#..##....#^..#.#...^......###.#)#
.^..........###..(..........#^#.#
.....#......^#.......^..|(..#...#
....#.....†.†.^.....##^....((...
####.............##.^...(........
#^.ss....##...s...###......######
##..#..#..#..#..###^##.#..##
....w..# .####..I....####.#
....#..# .. ##......# ###
..##....# .. ##...### ###..#...#
!. #..... # ..#..## # ##..... #
...#.... ..#...# ## .?. ####...
...


You could see a culicivora.

Vanquished Creatures
  Nikola (Spider:2)
  A bone dragon (Swamp:4)
  Jorgrun (Spider:3)
  Rupert (Orc:2)
  Aizul (Spider:2)
  A thorn hunter (Swamp:4)
  A frost giant (D:15)
  2 emperor scorpions
  3 ghouls (Swamp:3)
  An orc warlord (Orc:1)
  2 broodmothers
  3 eleionomae
  9 bunyips
  Nessos (Lair:5)
  4 vault guards (D:13)
  7 hydras
  2 entropy weavers
  A spriggan air mage (Swamp:2)
  A jorogumo (Spider:3)
  6 alligators
  5 ghost crabs
  3 radroaches
  7 boulder beetles
  A two-headed ogre (D:12)
  6 demonic crawlers
  3 orc high priests (Orc:2)
  10 death yaks
  4 tengu warriors
  2 spriggan berserkers (Swamp:2)
  Amaemon (D:9)
  A pharaoh ant (Spider:1)
  4 spriggan druids
  A death drake (Swamp:4)
  8 goliath frogs
  A deep elf archer (D:13)
  An arcanist (D:13)
  5 orb spiders
  2 swamp dragons
  11 bog bodies
  8 orc knights
  3 spectral hydras (Swamp:4)
  5 sun moths
  A steelbarb worm (Spider:3)
  2 phantasmal warriors (Swamp:4)
  2 alligator zombies (Swamp:4)
  7 wolf spiders
  6 orc sorcerers
  2 cyclopes
  4 manticores
  2 ugly things
  6 will-o-the-wisps
  3 moths of wrath
  3 elephants
  4 black mambas
  7 kobold blastminers
  2 gargoyles (D:13)
  7 spectral spriggans (Swamp:3)
  The ghost of CougarLife the Geomancer, a novice GrEE (D:6)
  A torpor snail (Spider:3)
  An orange demon (D:9)
  8 cane toads
  A rime drake (Lair:3)
  6 yaktaurs (D:15)
  An unseen horror (D:13)
  7 komodo dragons
  4 swamp worm zombies (Swamp:4)
  2 tengu conjurers
  2 freezing wraiths (Swamp:3)
  A bloated husk (Swamp:4)
  4 hydra zombies (Swamp:4)
  10 tyrant leeches
  6 polar bears
  A queen bee (shapeshifter) (D:13)
  13 trolls
  19 hornets
  4 spectral swamp dragons (Swamp:4)
  14 tarantellas
  7 dream sheep (Lair:5)
  23 blink frogs
  8 slime creatures
  28 spriggans
  3 shadows
  5 wraiths
  12 jumping spiders
  13 culicivoras
  48 yaks
  6 tyrant leech zombies (Swamp:4)
  4 basilisks
  7 wyverns
  21 vampire mosquitoes
  A human (D:13)
  A warg (Orc:1)
  A steam dragon (D:8)
  Grum (D:10)
  Menkaure (D:4)
  43 redbacks
  15 swamp worms
  3 acid dragons
  17 water moccasins
  A swamp drake (Swamp:4)
  31 orc warriors
  A sky beast (D:6)
  3 swamp dragon zombies (Swamp:4)
  An ice beast (D:6)
  2 laughing skulls (D:13)
  9 black bears
  8 centaurs
  8 ogres
  4 boggarts (Lair:5)
  26 wolves
  8 phantoms
  Blork the orc (D:4)
  3 kobold brigands (D:9)
  8 bullfrogs
  3 gnoll sergeants
  3 scorpions
  A wight (D:8)
  A burial acolyte (D:5)
  14 killer bees
  7 howler monkeys
  2 electric eels
  2 bombardier beetles
  4 quasits (D:6)
  2 hounds
  A jelly (D:5)
  21 orc priests
  4 iguanas
  22 orc wizards
  A hound zombie (D:5)
  Robin (D:4)
  6 adders
  8 gnolls
  3 shadow imps
  3 white imps (D:7)
  2 ufetubi (D:7)
  2 adder zombies (D:5)
  3 dart slugs (D:1)
  94 orcs
  7 bats
  2 endoplasms
  3 giant cockroaches
  13 goblins
  9 hobgoblins
  13 jackals
  3 quokkas
  9 ball pythons
  A frilled lizard (D:3)
  2 gnoll zombies (D:5)
  11 kobolds
  2 kobold zombies (D:5)
  4 rats
976 creatures vanquished.

Vanquished Creatures (collateral kills)
  A polar bear (Lair:5)
  A wolf (Lair:5)
  A centaur (D:8)
  A wight (D:9)
4 creatures vanquished.

Vanquished Creatures (others)
  A goliath frog (Swamp:4)
  A bog body (Swamp:3)
  2 wolf spiders (Spider:2)
  A cane toad (Lair:5)
  A komodo dragon (Lair:5)
  9 bloated husks
  A hornet (Lair:5)
  3 vampire mosquitoes (Swamp:3)
  A swamp worm (Swamp:3)
  A wolf (Lair:5)
  A phantom (Swamp:4)
  A wight (D:9)
  An orc wizard (Orc:2)
  18 foxfires
42 creatures vanquished.

Grand Total: 1022 creatures vanquished

Notes
Turn   | Place    | Note
-------+----------+-------------------------------------------
     0 | D:1      | ragingrage the Merfolk Artificer began the quest for the
                  | Orb.
     0 | D:1      | Reached XP level 1. HP: 15/15 MP: 1/1
   159 | D:1      | Reached XP level 2. HP: 15/21 MP: 2/2
   179 | D:1      | Reached skill level 1 in Short Blades
   453 | D:1      | Reached XP level 3. HP: 27/27 MP: 3/3
   483 | D:1      | Found a faded altar of an unknown god.
  1082 | D:2      | Learned a level 2 spell: Blink
  1083 | D:2      | Found The Oracle's Delphic Readings.
  1088 | D:2      | Bought a scroll of fear for 40 gold pieces
  1208 | D:2      | Found a sacrificial altar of Ru.
  1225 | D:2      | Became a worshipper of Ru the Awakened
  1377 | D:2      | Found Faojel's Book Boutique.
  1693 | D:2      | Identified the +2 helmet of the Harvest {rElec MP+9}
  1939 | D:2      | Found a sacrificial altar of Ru.
  2037 | D:2      | Found The Oracle's Delphic Readings.
  2279 | D:2      | Found Faojel's Book Boutique.
  2621 | D:3      | Reached XP level 4. HP: 33/33 MP: 4/4
  3092 | D:3      | Found a glowing golden altar of the Shining One.
  3181 | D:3      | Reached XP level 5. HP: 38/38 MP: 5/5
  3470 | D:4      | Found Fostryh's Armour Shoppe.
  3474 | D:4      | Noticed a centaur
  3485 | D:4      | Killed a centaur
  3486 | D:4      | Reached skill level 5 in Short Blades
  3544 | D:4      | Noticed Blork the orc
  3597 | D:4      | Reached XP level 6. HP: 44/44 MP: 6/6
  3716 | D:4      | Killed Blork the orc
  3810 | D:4      | Found a staircase to the Ecumenical Temple.
  3819 | Temple   | Entered the Ecumenical Temple
  3836 | Temple   | Fell from the grace of Ru
  3836 | Temple   | Became a worshipper of Uskayaw the Reveller
  3901 | D:4      | Reached * piety under Uskayaw
  3970 | D:4      | Noticed Robin
  3995 | D:4      | Reached ** piety under Uskayaw
  3996 | D:4      | Killed Robin
  4019 | D:4      | Reached XP level 7. HP: 31/50 MP: 7/7
  4028 | D:4      | Reached *** piety under Uskayaw
  4199 | D:4      | Noticed Menkaure
  4684 | D:4      | Learned a level 3 spell: Mephitic Cloud
  5049 | D:5      | Entered Level 5 of the Dungeon
  5360 | D:5      | Reached skill level 1 in Alchemy
  5439 | D:5      | Found an ancient bone altar of Kikubaaqudgha.
  5460 | D:5      | Reached XP level 8. HP: 55/56 MP: 8/8
  5520 | D:5      | Reached skill level 1 in Conjurations
  5583 | D:5      | Reached skill level 1 in Air Magic
  5909 | D:6      | Reached skill level 10 in Short Blades
  6102 | D:6      | Reached **** piety under Uskayaw
  6165 | D:6      | Reached skill level 5 in Alchemy
  6285 | D:6      | Noticed CougarLife's ghost (novice GrEE)
  6298 | D:6      | Found a transporter.
  6308 | D:6      | Found Lir Kaa's Distillery.
  6334 | D:6      | Reached skill level 1 in Invocations
  6524 | D:6      | Reached XP level 9. HP: 59/62 MP: 10/10
  6540 | D:6      | Found a transporter.
  6625 | D:6      | Bought a potion of curing for 33 gold pieces
  6625 | D:6      | Bought a potion of degeneration for 11 gold pieces
  6625 | D:6      | Bought a potion of berserk rage for 55 gold pieces
  6625 | D:6      | Bought a potion of might for 44 gold pieces
  6834 | D:6      | Found a blossoming altar of Fedhas.
  6838 | D:6      | Found a radiant altar of Vehumet.
  6839 | D:6      | Found a snail-covered altar of Cheibriados.
  6841 | D:6      | Found an ornate altar of the Wu Jian Council.
  6841 | D:6      | Found a bloodstained altar of Trog.
  6842 | D:6      | Found a broken altar of Ashenzari.
  6903 | D:6      | Found a stormy altar of Qazlal.
  7420 | D:6      | Found a shimmering altar of Xom.
  7620 | D:7      | Reached ***** piety under Uskayaw
  7916 | D:7      | Found a burning altar of Makhleb.
  8164 | D:8      | Reached skill level 5 in Dodging
  8717 | D:8      | Reached XP level 10. HP: 56/71 MP: 13/13
  8738 | D:8      | Reached ****** piety under Uskayaw
  8910 | D:4      | Bought a +2 cloak of willpower for 258 gold pieces
  9538 | D:9      | Found a staircase to the Lair.
  9854 | D:10     | Entered Level 10 of the Dungeon
  9899 | D:9      | Reached skill level 5 in Fighting
  9899 | D:9      | Reached skill level 1 in Spellcasting
  9976 | D:9      | Reached skill level 5 in Invocations
 10038 | D:9      | Noticed Amaemon
 10039 | D:9      | Noticed an orange demon
 10049 | D:9      | Killed Amaemon
 10050 | D:9      | Killed an orange demon
 10069 | D:9      | Found an opulent altar of Gozag.
 10070 | D:9      | Found a glowing silver altar of Zin.
 10400 | D:9      | Reached XP level 11. HP: 80/81 MP: 15/15
 10781 | D:9      | Reached skill level 1 in Shields
 11386 | D:10     | Noticed Grum
 11431 | D:10     | Killed Grum
 11739 | D:10     | Found a sparkling altar of Nemelex Xobeh.
 12525 | D:11     | Noticed a cyan ugly thing
 12525 | D:11     | Found Hist's General Store.
 12527 | D:11     | Killed a cyan ugly thing
 12528 | D:11     | Reached skill level 10 in Dodging
 12861 | D:11     | Found Kiecsius's Distillery.
 12962 | D:11     | Found a staircase to the Orcish Mines.
 13048 | D:11     | Reached skill level 5 in Stealth
 13368 | D:11     | Found Zyuler's One-of-a-Kind Rings.
 13603 | D:11     | Reached XP level 12. HP: 72/91 MP: 16/16
 13748 | Lair:1   | Entered Level 1 of the Lair of Beasts
 14177 | Lair:1   | Reached skill level 5 in Evocations
 14638 | Lair:2   | Noticed a six-headed hydra
 14920 | Lair:2   | Killed a six-headed hydra
 15012 | Lair:2   | Found a hole to the Spider Nest.
 15129 | Lair:2   | Reached skill level 10 in Fighting
 15210 | Lair:2   | Noticed an eight-headed hydra
 15306 | Lair:2   | Noticed a skyshark
 15315 | Lair:2   | Found a transporter.
 15376 | Lair:2   | Noticed Stellion's ghost (journeyman GrEE)
 15413 | Lair:2   | Found a transporter.
 15669 | Lair:3   | Found a staircase to the Swamp.
 16169 | Lair:3   | Reached XP level 13. HP: 103/103 MP: 18/18
 16818 | D:4      | Killed Menkaure
 18111 | Lair:4   | Reached skill level 5 in Long Blades
 18357 | Lair:4   | Identified the ring "Itesab" {rC+ Int+3 SInv Stlth+}
 18512 | Lair:5   | Entered Level 5 of the Lair of Beasts
 18512 | Lair:5   | Noticed Nessos
 18516 | Lair:5   | Killed Nessos
 18521 | Lair:5   | Found a viscous altar of Jiyva.
 18549 | Lair:5   | Found a staircase to the Slime Pits.
 19368 | Lair:5   | Reached skill level 10 in Long Blades
 19659 | Lair:5   | Reached XP level 14. HP: 97/110 MP: 9/20
 20278 | Lair:5   | Identified the +2 dagger of Breach {heavy, *Corrode +Blink
                  | Str+6 SInv}
 20970 | D:6      | Killed CougarLife's ghost
 21170 | D:11     | Reached skill level 1 in Shapeshifting
 21319 | Orc:1    | Entered Level 1 of the Orcish Mines
 21483 | D:11     | Bought the ring of Ysozi {rElec Will+ Int+6 Slay+5} for
                  | 1225 gold pieces
 21627 | Orc:1    | Noticed an orc warlord
 21636 | Orc:1    | Reached skill level 2 in Shapeshifting
 21640 | Orc:1    | Killed an orc warlord
 21647 | Orc:1    | Reached skill level 3 in Shapeshifting
 21924 | Orc:1    | Reached skill level 4 in Shapeshifting
 22093 | Orc:2    | Entered Level 2 of the Orcish Mines
 22300 | Orc:2    | Reached skill level 5 in Shapeshifting
 23025 | Orc:2    | Reached skill level 6 in Shapeshifting
 23032 | Orc:2    | Noticed Rupert
 23544 | Orc:2    | Killed Rupert
 23633 | Orc:2    | Found a staircase to the Elven Halls.
 23634 | Orc:2    | Found Tytideno's Vocational Training.
 23646 | Orc:2    | Reached skill level 7 in Shapeshifting
 23778 | Orc:2    | Reached skill level 8 in Shapeshifting
 23782 | Orc:2    | Reached XP level 15. HP: 88/120 MP: 10/21
 23875 | Orc:1    | Reached skill level 9 in Shapeshifting
 24016 | Orc:2    | Found Ycuk's Book Emporium.
 24016 | Orc:2    | Found Folim's Antique Armour Shop.
 24018 | Orc:2    | Found Jonuerod's Distillery.
 24018 | Orc:2    | Found Hyxkeum's General Store.
 24029 | Orc:2    | Bought a pair of runed gloves for 240 gold pieces
 24419 | D:12     | Reached skill level 10 in Shapeshifting
 25303 | D:13     | Reached skill level 11 in Shapeshifting
 25435 | D:13     | Found a gate to the Vaults.
 25537 | D:13     | Reached skill level 12 in Shapeshifting
 25816 | D:13     | Found an iron altar of Okawaru.
 26327 | D:14     | Reached skill level 13 in Shapeshifting
 26738 | D:15     | Entered Level 15 of the Dungeon
 27216 | D:15     | Found a staircase to the Depths.
 27216 | D:15     | Noticed a frost giant
 27229 | D:15     | Killed a frost giant
 27230 | D:15     | Reached skill level 14 in Shapeshifting
 27782 | Swamp:1  | Entered Level 1 of the Swamp
 27970 | Swamp:1  | Reached skill level 15 in Shapeshifting
 28128 | Swamp:1  | Reached XP level 16. HP: 127/127 MP: 10/22
 28387 | Swamp:1  | Reached skill level 16 in Shapeshifting
 28708 | Swamp:2  | Reached skill level 10 in Invocations
 30698 | Swamp:3  | Reached XP level 17. HP: 138/138 MP: 11/25
 30904 | Swamp:4  | Entered Level 4 of the Swamp
 31335 | Swamp:4  | Noticed a bone dragon
 31344 | Swamp:4  | Killed a bone dragon
 31564 | Swamp:4  | Got a decaying rune of Zot
 31992 | Spider:1 | Entered Level 1 of the Spider Nest
 31998 | Spider:1 | Learned a level 4 spell: Olgreb's Toxic Radiance
 32003 | Spider:1 | Learned a level 4 spell: Ignite Poison
 32028 | Spider:1 | Gained mutation: You do not regenerate when monsters are
                  | visible. [mutagenic glow]
 32062 | Spider:1 | Lost mutation: You do not regenerate when monsters are
                  | visible. [potion of mutation]
 32062 | Spider:1 | Gained mutation: Your muscles are strong. (Str +4, Int/Dex
                  | -1) [potion of mutation]
 32900 | Spider:1 | Identified the +1 leather armour "Otuat" {rF- Will+++ MP-9
                  | Dex+4}
 32987 | Spider:1 | Reached skill level 15 in Fighting
 33305 | Spider:2 | Noticed Nikola
 33314 | Spider:2 | Reached skill level 17 in Shapeshifting
 33315 | Spider:2 | Found a runed translucent gate.
 33315 | Spider:2 | Found a runed translucent gate.
 33315 | Spider:2 | Found a runed translucent gate.
 33316 | Spider:2 | Identified the serpent talisman of Ontedarghaisy {Int+2}
 33316 | Spider:2 | Noticed Aizul
 33317 | Spider:2 | Killed Nikola
 33322 | Spider:2 | Reached skill level 10 in Alchemy
 33324 | Spider:2 | Noticed kd29's ghost (adept MiMo)
 33324 | Spider:2 | Killed Aizul
 33762 | Spider:2 | Gained mutation: You occasionally shout uncontrollably at
                  | your foes. [mutagenic glow]
 33772 | Spider:2 | Gained mutation: Armour fits poorly on your strangely
                  | shaped body. [mutagenic glow]
 34159 | Spider:2 | Reached XP level 18. HP: 149/149 MP: 7/27
 34605 | Spider:3 | Noticed Jorgrun
 34631 | Spider:3 | Killed Jorgrun
 34642 | Spider:3 | Reached skill level 10 in Evocations
 35069 | Spider:3 | Identified the +0 dagger of the Boiling Point {protect,
                  | *Slow rF++}
 35123 | Spider:3 | Incinerated by a sun moth

Illustrated notes

Levels and vault maps discovered:
D:1:      roderic_dead_forest, layout_basic,
          hellmonk_ecumenical_altar_dog_temple
D:2:      layout_basic, basic_altar, serial_shops, nicolae_shop_rolling_square,
          nicolae_nh_oracle_at_delphi
D:3:      layout_basic, tso_metal_star, nicolae_kite_square_tiling_tiny
D:4:      layout_basic, minmay_temple_entry_mini_moons, serial_shops, shop,
          minmay_manual_moon, uniq_blork_the_orc, uniq_menkaure, uniq_robin
D:5:      layout_rooms, regret_index_kikubaaqudgha_part_by_part,
          minmay_misc_feat_pillars
D:6:      layout_layer_cave, nicolae_overflow_hallway_of_the_gods,
          lemuel_tele_altar, gammafunk_ghost_stat_death,
          minmay_shop_grid_forest, grunt_ministairs_10
D:7:      layout_gridville, mainiacjoe_overflow_alcove_2, grunt_ministairs_6,
          hangedman_decor_clover_reticule, minmay_manual_monolith
D:8:      layout_loops_ring
D:9:      layout_stronghold, grunt_temple_overflow_gold_and_silver,
          minmay_lair_entry_grove, kennysheep_another_room,
          minmay_unpleasant_kobolds, uniq_amaemon
D:10:     layout_long_grid, nemelex_diamond_rough_becter, minmay_starry_boxes,
          uniq_grum
D:11:     layout_roguey, hiddenorc2_lemuel, serial_shops, shop_coins,
          nicolae_stop_n_shop_1, nicolae_shop_unique_rings
D:12:     layout_basic
D:13:     layout_basic, grunt_vaults_entry_fortified, okawaru_gym_becter
D:14:     layout_small_grid, serial_bayou_pond_e
D:15:     grunt_enter_depths_snipers, layout_rooms,
          serial_library_hellmonk_layered_room
Temple:   nicolae_temple_ecumenical_triangle
Lair:1:   layout_hall_layers
Lair:2:   layout_roguey, nicolae_spider_entry_orb_guardian, nzn_ghost_randoct
Lair:3:   layout_loops_ring, swamp_mist_pool, nicolae_volcano_entry_two_sided,
          infiniplex_staircase_pool
Lair:4:   layout_concentric_octagons, gammafunk_lair_bear_cave
Lair:5:   minmay_lair_end_enchanted_forest, layout_long_grid, slime_entry_1,
          grunt_megastairs_2, uniq_nessos
Swamp:1:  layout_basic_swamp, evilmike_swamp_ruin_house_4, swamp_pool_1_2,
          infiniplex_staircase_pool_2
Swamp:2:  nicolae_swamp_secret_spriggan_hideout, layout_basic_swamp,
          nicolae_swamp_dense_foliage, swamp_pool_1_2, ldierk_geyser,
          hangedman_swamp_cone, nicolae_swamp_decorative_isthmus
Swamp:3:  nicolae_swamp_flooded_prison, layout_falls_marsh,
          evilmike_swamp_ruin_wall, swamp_pool_5, nicolae_swamp_stair_fork
Swamp:4:  swamp_pestilence, layout_basic_swamp
Spider:1: layout_spider_delve
Spider:2: layout_spider_delve, gammafunk_ghost_necromancy,
          nicolae_spider_solar_radiation, uniq_nikola, uniq_aizul
Spider:3: layout_spider_delve, hangedman_stitches_earthworm, uniq_jorgrun
Orc:1:    layout_diamond_mine, nicolae_orc_found_a_spring
Orc:2:    grunt_orc_tribal_feast, layout_diamond_mine, nicolae_shop_vocational,
          uniq_rupert

Skill      XL: |  1  2  3  4  5  6  7  8  9 10 11 12 13 14 15 16 17 18 |
---------------+-------------------------------------------------------+-----
Stealth        | 2 3 5 7 |  7.0
Short Blades   | 1 3 4 6 7 9 10 | 10.0
Fighting       | 2 4 6 7 10 12 13 15 | 15.0
Alchemy        | 1 5 8 9 10 11 | 11.0
Conjurations   | 2 3 4 |  4.0
Air Magic      | 2 3 4 |  4.0
Dodging        | 3 7 8 10 12 13 | 13.6
Invocations    | 1 4 5 6 7 9 11 12 13 | 13.0
Spellcasting   | 2 |  2.0
Shields        | 3 4 |  4.0
Evocations     | 4 5 7 9 10 | 10.2
Long Blades    | 10 12 | 12.6
Shapeshifting  | 8 15 16 17 | 17.7
Armour         | |  0.6

Action                     |  1- 3 |  4- 6 |  7- 9 | 10-12 | 13-15 | 16-18 || total
---------------------------+-------+-------+-------+-------+-------+-------++-------
  Melee: Club              |    31 |       |       |       |       |       ||    31
         Dagger            |    34 |    78 |   562 |  1171 |   465 |     1 ||  2311
         Short sword       |   122 |    79 |    68 |   142 |     9 |       ||   420
         Demon blade       |       |       |       |       |  1155 |   913 ||  2068
         Tailslap          |       |       |       |       |     7 |    36 ||    43
   Fire: Orcbow            |       |       |     6 |     1 |       |       ||     7
  Throw: Dart              |     5 |       |    22 |    45 |    23 |     4 ||    99
         Javelin           |       |       |       |     2 |     2 |     2 ||     6
         Boomerang         |       |       |       |       |     7 |       ||     7
   Cast: Mephitic Cloud    |       |       |       |     1 |       |       ||     1
         Olgreb's Toxic Ra |       |       |       |       |       |    40 ||    40
 Invoke: Stomp             |       |       |       |     2 |     5 |       ||     7
         Grand Finale      |       |       |       |       |       |     1 ||     1
  Evoke: Wand              |     2 |     1 |     4 |     9 |     9 |     3 ||    28
         Lightning rod     |       |       |       |       |     4 |     7 ||    11
         Phantom mirror    |       |       |       |       |     1 |       ||     1
         Tin of tremorston |       |       |       |       |       |     2 ||     2
    Use: Scroll            |       |     5 |     4 |     8 |    12 |     4 ||    33
         Potion            |       |       |     1 |       |       |     3 ||     4
   Stab: Sleeping          |     2 |     2 |     2 |     7 |    18 |    11 ||    42
         Paralysed         |       |       |    10 |    64 |   119 |    65 ||   258
         Distracted        |       |       |       |     6 |    12 |     7 ||    25
         Confused          |       |       |       |     1 |       |       ||     1
 Armour: Leather armour    |   117 |       |       |       |       |       ||   117
         Ring mail         |       |    83 |   237 |    15 |       |       ||   335
         Steam dragon scal |       |       |       |   176 |   302 |       ||   478
         Acid dragon scale |       |       |       |       |    71 |       ||    71
         Skin              |       |       |       |       |    30 |   534 ||   564
  Dodge: Dodged            |   148 |    81 |   202 |   584 |  1076 |  1071 ||  3162
  Block: Other             |       |       |       |    39 |       |       ||    39
         Buckler           |       |       |       |   350 |   701 |   554 ||  1605
         Reflection        |       |       |       |     7 |    19 |     1 ||    27
   Form: Statue            |       |       |       |       |     2 |       ||     2
                           |       |       |       |       |     1 |       ||     1

Table legend: (Time is in decaauts)
 A = Elapsed time spent in this place.
 B = Non-inter-level travel time spent in this place.
 C = Inter-level travel time spent in this place.
 D = Time resting spent in this place.
 E = Time spent auto-exploring this place.
 F = Levels seen in this place.
 G = Mean time per level.
                   A        B        C        D        E       F      G
               +--------+--------+--------+--------+--------+-----+--------+
         Total |  36287 |  33196 |   3091 |   5123 |  20663 |  30 | 1209.6 |
       Dungeon |  17539 |  15756 |   1783 |   2356 |  10193 |  15 | 1169.3 |
        Temple |     34 |      1 |     33 |      0 |      0 |   1 |   34.0 |
          Lair |   6589 |   5941 |    648 |   1058 |   3287 |   5 | 1317.8 |
         Swamp |   5364 |   5102 |    262 |    741 |   3177 |   4 | 1341.0 |
   Spider Nest |   4524 |   4355 |    169 |    654 |   2890 |   3 | 1508.0 |
  Orcish Mines |   2234 |   2041 |    193 |    313 |   1115 |   2 | 1117.0 |
               +--------+--------+--------+--------+--------+-----+--------+

Top non-repeatable levels by time:
Spider:1: 2164 daAuts
     D:9: 1992 daAuts
  Lair:4: 1802 daAuts
     D:2: 1746 daAuts
     D:6: 1648 daAuts
     D:4: 1646 daAuts
 Swamp:2: 1619 daAuts
 Swamp:3: 1554 daAuts
Spider:2: 1488 daAuts
  Lair:5: 1448 daAuts
    D:11: 1448 daAuts
   Orc:2: 1371 daAuts
  Lair:3: 1363 daAuts
     D:8: 1351 daAuts
  Lair:2: 1309 daAuts
